Unix NetHack Version 3.7.0-80 Work-in-progress - last build Mar 27 2023 22:19:57 (84ec4a96b1085377d1623a66bb533b5851a641e4,branch:master). Game began 2023-03-27 21:09:52, ended 2023-03-31 20:34:27. 9629, lawful female dwarven Valkyrie ------- ........ -...----@- |.Q..-- .@. ------.R.-- .@. ----- |.....OO.A| 1 ..@ ...| |...------- ...1 ---------..-- ---!-- ... |.......|...-- -.@.@. -----|----- |.......|%%.@---....@. ---..55&....--- |..._..%%D@%%.w%a..... |....15.4.1...| |.......|.t..---..... | ----|----5 | |.......|...-- |.......| ---------..-- |.%.*...| ...| 5|..@@...| ----- |..a....| |.......| --------- 4 54 9629 the Heroine St:25 Dx:18 Co:20 In:10 Wi:16 Ch:12 Lawful Astral Plane $:0 HP:269(269) Pw:4(4) AC:-29 Xp:24/40062156 T:57144 Latest messages: The magic missile hits it. What do you want to use or apply? You can see again. The high priest intones: "Pilgrim, you enter a sacred place!" The invisible renegade Angel of Tyr wields a long sword! You hit the giant ant with the chickatrice corpse. The giant ant is slowing down. The giant ant turns to stone. The high priest of Tyr wields a mace! The mace welds itself to the high priest of Tyr's hand! You see here 6 rocks. The fire ant turns to flee. The high priest of Tyr swings his mace. The high priest of Tyr hits! The high priest of Tyr kicks! The high priest of Tyr casts a spell at you! Scales cover your eyes! You hear a mumbled curse. What do you want to use or apply? Nothing seems to happen. What do you want to use or apply? Nothing seems to happen. What do you want to use or apply? You can see again. The high priest of Tyr swings his mace at the soldier ant. The high priest of Tyr hits the soldier ant. The soldier ant is killed! There is a high altar to Tyr (lawful) here. What do you want to remove? You were wearing an uncursed ring of conflict (on left hand). # Talk to whom? (in what direction) The high priest of Tyr asks you for a contribution for the temple. You give the high priest of Tyr all your gold. "I thank thee for thy contribution." The fire ant turns to flee. # What do you want to sacrifice? You offer the Amulet of Yendor to Tyr... An invisible choir sings, and you are bathed in radiance... The voice of Tyr booms out: "Mortal, thou hast done well!" "In return for thy service, I grant thee the gift of Immortality!" You ascend to the status of Demigoddess... Do you want your possessions identified? [ynq] (y) Do you want to see your attributes? [ynq] (y) Do you want an account of creatures vanquished? [ynaq] (y) Do you want a list of species genocided and extinct? [ynq] (y) Do you want to see your conduct and achievements? [ynq] (y) Do you want to see the dungeon overview? [ynq] (y) Inventory: Amulets O - an uncursed amulet of reflection named i:stealth,tpath,tcontrol,tpitis (being worn) Weapons b - the blessed rustproof +7 Excalibur a - the rustproof +0 Mjollnir g - a +7 silver saber named r:sleep,pois,cold,shock,fire (alternate weapon; not wielded) Armor H - a blessed greased thoroughly burnt +4 elven leather helm (being worn) U - a blessed rustproof +2 pair of gauntlets of power (being worn) I - a blessed fireproof +2 pair of speed boots (being worn) u - a blessed greased fireproof +3 cloak of protection (being worn) N - a blessed greased +5 gray dragon scale mail (being worn) Comestibles S - 2 uncursed K-rations e - a blessed partly eaten chickatrice corpse (wielded) Potions d - 2 cursed potions of full healing Rings f - an uncursed ring of conflict T - an uncursed ring of free action (on right hand) q - an uncursed ring of regeneration Wands n - a cursed wand of cancellation (0:7) v - a wand of death (1:0) V - a wand of secret door detection (0:4) k - a wand of sleep (0:4) X - a wand of teleportation (0:6) y - a wand of wishing (1:0) Tools h - a blessed greased bag of holding containing 87 items K - the blessed Orb of Fate (0:5) W - an uncursed skeleton key s - an uncursed stethoscope t - an uncursed towel Y - a blessed +0 unicorn horn Contents of the bag of holding: 85 gold pieces an uncursed amulet of life saving an uncursed amulet of life saving an uncursed amulet of unchanging 8 +0 daggers 12 +0 elven daggers an uncursed -1 pair of levitation boots an uncursed +0 pair of water walking boots an uncursed +0 mummy wrapping 7 uncursed C-rations 5 uncursed K-rations an uncursed lembas wafer 5 uncursed lumps of royal jelly an uncursed sprig of wolfsbane 4 uncursed lizard corpses 5 blessed scrolls of blank paper 2 uncursed scrolls of blank paper a blessed scroll of charging an uncursed scroll of charging a blessed scroll of create monster an uncursed scroll of genocide a cursed scroll of genocide a cursed scroll of genocide a blessed scroll of identify an uncursed scroll of magic mapping a blessed scroll of remove curse 2 uncursed scrolls of remove curse an uncursed scroll of scare monster a blessed scroll of taming an uncursed scroll of taming 11 uncursed scrolls of teleportation an uncursed potion of extra healing 4 uncursed potions of extra healing an uncursed potion of full healing 9 uncursed potions of full healing 2 uncursed potions of levitation a blessed potion of paralysis an uncursed potion of paralysis an uncursed potion of paralysis 4 blessed potions of speed 9 potions of holy water an uncursed ring of teleport control an uncursed ring of teleport control a wand of cold (0:8) a wand of cold (0:5) a wand of digging (0:8) a wand of digging (0:7) a wand of digging (0:7) a wand of digging (0:7) a wand of digging (0:6) a wand of digging (0:5) a wand of digging (0:5) a wand of digging (0:4) a wand of digging (0:4) a wand of digging (0:4) a wand of digging (0:4) a wand of digging (0:4) a wand of digging (0:4) a wand of digging (0:2) a wand of fire (0:5) a wand of fire (0:3) a cursed wand of light (0:7) a wand of lightning (0:8) a wand of lightning (0:7) a wand of lightning (0:6) a wand of lightning (0:0) a wand of polymorph (0:5) a wand of polymorph (0:5) a wand of probing (0:3) a blessed wand of secret door detection (0:9) a wand of sleep (0:4) a wand of slow monster (0:8) a wand of striking (0:2) a wand of striking (0:1) a wand of teleportation (0:5) a wand of teleportation (0:4) a wand of wishing (0:1) an empty uncursed sack a can of grease (0:17) a magic marker (1:10) an uncursed magic whistle 2 uncursed amethyst stones 6 uncursed amethyst stones 12 uncursed diamonds 3 uncursed emeralds 9 uncursed rubies a blessed luckstone 9629 the Valkyrie's attributes: Background: You were a Heroine, a level 24 dwarven Valkyrie. You were lawful, on a mission for Tyr who was opposed by Odin (neutral) and Loki (chaotic). You were in the endgame, on the Astral Plane. You entered the dungeon 57144 turns ago. You had 40062156 experience points, 9937844 more were needed for level 25. Basics: You had all 269 hit points. You had all 4 energy points (spell power). Your armor class was -29. Your wallet was empty, but you had 85 zorkmids stashed away in your pack. Autopickup was off. Final Characteristics: Your strength was 25 (base:18/05, peak:18/06, innate limit:18/100). Your dexterity was 18 (limit:20). Your constitution was 20 (limit:20). Your intelligence was 10 (limit:16). Your wisdom was 16 (limit:16). Your charisma was 12 (limit:16). Final Status: You were not hungry. You were unencumbered. You were wielding a corpse. Final Attributes: You were piously aligned. You were magic-protected. You were fire resistant. You were cold resistant. You were sleep resistant. You were shock resistant. You were poison resistant. You saw invisible. You were warned. You had infravision. You were invisible to others. You were stealthy. You aggravated monsters. You could teleport. You had teleport control. You had a moderate defense bonus (+9). You were protected. You took half physical damage. You took half spell damage. You were very fast. You had reflection. You had free action. You were very lucky. You had extra luck. Good luck did not time out for you. You survived. Miscellaneous: You never encountered a bones level. Total elapsed playing time was 1 day, 1 hour, 28 minutes and 32 seconds. Major events: Turn 1: 9629 the lawful dwarven Valkyrie entered the dungeon 489: entered the Gnomish Mines 691: attained the rank of Skirmisher (level 3) 2678: was bestowed with Mjollnir by Tyr 2803: attained the rank of Fighter (level 6) 7673: signified by divine providence, was chosen to carry Excalibur 8681: entered Sokoban 9571: completed 1st Sokoban level 10396: completed 2nd Sokoban level 11394: attained the rank of Woman-at-arms (level 10) 11435: completed 3rd Sokoban level 12993: completed 4th Sokoban level 13488: acquired the Sokoban amulet of reflection 13962: made her first wish - "blessed greased +2 gray dragon scale mail", got "a greased gray dragon scale mail" 13984: performed her first genocide (class L) 17927: wished for "uncursed magic marker", got "a magic marker" 19525: wished for "blessed fixed bag of holding", got "a bag" 19754: killed the Oracle 20028: wished for "blessed fixed +2 speed boots", got "a pair of jungle boots" 23122: wished for "blessed fixed +2 gauntlets of power", got "a pair of fencing gloves" 29126: killed Croesus 30380: attained the rank of Warrior (level 14) 30782: found the Orb of Fate on the floor 31091: killed Lord Surtur 31093: acquired the Bell of Opening 32172: was bestowed with Dragonbane by Tyr 32601: killed Medusa 33871: entered Gehennom 36659: killed the invisible Asmodeus 37435: killed Juiblex 38148: killed the invisible Baalzebub 39524: attained the rank of Swashbuckler (level 18) 44464: destroyed Vlad the Impaler 44466: acquired the Candelabrum of Invocation 45521: killed Orcus 53762: attained the rank of Heroine (level 22) 53884: killed the invisible Wizard of Yendor 53887: acquired the Book of the Dead 54049: performed the invocation 54430: killed the high priest of Moloch 54432: acquired The Amulet of Yendor 54557: killed the invisible Wizard of Yendor (2nd time) 54698: killed the Wizard of Yendor (3rd time) 55815: killed the Wizard of Yendor (5th time) 56075: entered the Elemental Planes 56075: entered Plane of Earth 56326: entered Plane of Air 56733: entered Plane of Fire 56935: entered Plane of Water 56936: genocided class ; 57042: wished for "blessed partly eaten chickatrice corpse", got "a partly eaten chickatrice corpse" 57045: entered the Astral Plane 57072: killed Pestilence 57092: found Vorpal Blade carried by a monster 57105: killed Pestilence (2nd time) 57106: found Cleaver carried by a monster 57123: killed Famine 57144: ascended Vanquished creatures: Asmodeus Baalzebub Orcus Juiblex the Wizard of Yendor (7 times) Pestilence (twice) Famine Vlad the Impaler a high cleric a mastodon Medusa Croesus 16 krakens 5 iron golems a glass golem 7 balrogs 7 purple worms 3 gray dragons a gold dragon 2 silver dragons 6 red dragons 6 white dragons an orange dragon 10 black dragons 8 blue dragons 3 green dragons 4 yellow dragons 21 minotaurs 5 jabberwocks Lord Surtur 11 baluchitheria 5 Angels 8 stone golems 6 master mind flayers 6 Olog-hai 4 Nazgul 10 pit fiends 2 sandestins 2 hell hounds 5 displacer beasts 8 titanotheres 5 trappers a baby gold dragon 6 genetic engineers 8 disenchanters 29 vampire leaders 5 skeletons the Oracle 22 aligned clerics 7 captains 6 shades 7 clay golems 14 nurses 3 ice devils 5 nalfeshnees 8 lurkers above 3 Aleaxes a frost giant 3 ettins 6 black puddings 30 vampires 7 lieutenants 32 ghosts a queen bee 3 winged gargoyles 7 mind flayers 14 giant mimics 11 long worms 9 zruties 25 fire giants 17 ogre tyrants 7 ice trolls 17 rock trolls 10 umber hulks 4 flesh golems 6 elven monarchs 5 doppelgangers 13 hezrous 9 bone devils 13 large mimics 3 wumpuses 7 fire vortices 13 stalkers 15 air elementals 8 fire elementals 20 earth elementals 11 water elementals 7 hill giants 3 giant mummies 7 xorns 25 giant zombies 15 elf-nobles 28 sergeants 11 barbed devils 20 vrocks 7 salamanders 9 wargs 2 winter wolves 4 hell hound pups 18 small mimics 2 glass piercers 7 warhorses 14 steam vortices 9 xans 6 ettin mummies 16 ogre leaders 13 quantum mechanics 45 trolls 7 wood golems 3 erinyes 6 mariliths 2 djinn 8 sharks 8 electric eels 7 gelatinous cubes 5 pyrolisks 4 large dogs 4 freezing spheres 13 flaming spheres 8 shocking spheres 3 large cats 8 tigers 13 gargoyles 7 tengu 6 ochre jellies 9 leocrottas 7 energy vortices 6 mountain centaurs 7 stone giants 4 elf mummies 7 human mummies 9 red nagas 4 green slimes 8 pythons 10 pit vipers 5 cobras 42 wraiths 7 carnivorous apes 21 ettin zombies 3 leather golems 17 Grey-elves 114 soldiers 12 amorous demons 10 horned devils 5 chameleons 51 giant beetles 7 quivering blobs 23 cockatrices 12 wolves 5 winter wolf cubs 5 lynxes 3 panthers 12 gremlins 5 spotted jellies 26 leprechauns 11 orc-captains 8 iron piercers 5 mumakil 11 giant spiders 9 scorpions 10 horses an ice vortex a baby long worm 3 black lights 14 vampire bats 9 forest centaurs 4 gnome rulers 7 orc mummies 5 dwarf mummies 5 ogres 6 brown puddings 13 rust monsters 8 owlbears 10 yetis 3 gold golems 3 werewolves 16 Green-elves 6 piranha 19 giant eels 14 lizards 7 chickatrices a dingo 3 dogs 5 housecats 8 jaguars 3 dwarf leaders 7 blue jellies 5 gray unicorns 6 black unicorns 11 dust vortices 34 ravens 8 plains centaurs 3 gnome mummies 7 snakes 2 water moccasins 15 apes 15 human zombies 4 rope golems 14 Woodland-elves 44 soldier ants 72 fire ants 42 bugbears an imp 6 quasits 8 wood nymphs 9 water nymphs 3 mountain nymphs 15 Mordor orcs 33 Uruk-hai 5 orc shamans 12 rock piercers 8 rock moles 9 ponies 10 fog clouds 15 yellow lights 3 shriekers 4 violet fungi 11 gnome leaders 6 gnomish wizards 5 kobold mummies a guardian naga hatchling 7 gray oozes 2 barrow wights 18 elf zombies 15 ghouls 2 straw golems 2 paper golems 7 jellyfish 74 giant ants 4 little dogs 10 floating eyes 3 kittens 4 dwarves a homunculus 8 kobold leaders 6 kobold shamans 25 hill orcs 28 rothes 6 rabid rats 2 centipedes 6 giant bats 4 monkeys 26 orc zombies 21 dwarf zombies 2 wererats 2 werejackals 10 iguanas 73 killer bees 5 acid blobs 6 coyotes 2 gas spores a hobbit 4 manes 5 large kobolds 40 hobgoblins 11 giant rats a cave spider a brown mold 4 yellow molds 4 green molds 2 red molds 13 gnomes 21 garter snakes 20 gnome zombies 16 geckos 13 jackals 4 foxes 2 kobolds 8 goblins 4 sewer rats 12 grid bugs 9 bats 9 lichens 10 kobold zombies 6 newts 2768 creatures vanquished. Genocided or extinct species: liches demiliches master liches arch-liches erinyes (extinct) jellyfish piranha sharks giant eels electric eels krakens 10 species genocided. 1 species extinct. Voluntary challenges: You read items or engraved 102 times. You engraved Elbereth 17 times. You genocided 10 types of monsters. You never changed form. You used 6 wishes. You did not wish for any artifacts. You violated the special Sokoban rules once. Achievements: You entered the Gnomish Mines. You attained the rank of Skirmisher. You entered a shop. You entered a temple. You attained the rank of Fighter. You entered Sokoban. You attained the rank of Woman-at-arms. You completed Sokoban. You attained the rank of Warrior. You handled the Bell of Opening. You defeated Medusa. You entered Gehennom. You attained the rank of Swashbuckler. You handled the Candelabrum of Invocation. You attained the rank of Heroine. You handled the Book of the Dead. You gained access to Moloch's Sanctum. You reached the Elemental Planes. You reached the Astral Plane. You delivered the Amulet of Yendor. You ascended! The Elemental Planes: Astral Plane: <- You are here. Some temples. Plane of Water: Plane of Fire: Plane of Air: Plane of Earth: The Dungeons of Doom: levels 1 to 28 Level 1: An altar. One way stairs up to The Elemental Planes. Level 2: Stairs down to The Gnomish Mines. Level 3: "altar/stash" A general store, an altar to Tyr. Level 4: A general store. Level 5: Level 6: A fountain. Level 7: Many fountains, a sink. Level 8: A fountain. Oracle of Delphi. Level 9: Stairs up to Sokoban, level 8. Level 10: A fountain. Level 11: A temple, a fountain. Level 12: A fountain. Level 13: A temple. Level 14: A grave. Portal to The Quest. Level 15: A fountain. Level 16: A fountain, a sink. Level 17: Some shops. Level 18: A primitive area. Level 19: Level 20: Level 21: A fountain. Level 22: A fountain. Level 23: A general store, some fountains, a grave. Level 24: Level 25: Portal to Fort Ludios. Level 26: A fountain, a sink. Level 27: A fountain, many trees. Level 28: A fountain. The castle. Connection to Gehennom. Gehennom: levels 29 to 51 Level 29: A temple, many graves. Valley of the Dead. Level 30: Level 31: Level 32: Level 33: Level 34: Level 35: Level 36: Level 37: Level 38: Stairs up to Vlad's Tower, level 37. Level 39: Level 40: Some shops, an altar, some graves. Level 41: Level 42: Level 43: Level 44: Level 45: Level 46: Level 47: Level 48: Level 49: Level 50: Level 51: A temple, many graves. Moloch's Sanctum. The Gnomish Mines: levels 3 to 6 Level 3: Level 4: Level 5: Many shops, a temple, some fountains, a sink. Level 6: The Quest: levels 1 to 5 Level 1: A fountain. Completed quest for the Norn. Level 2: Level 3: Level 4: Level 5: Sokoban: levels 8 up to 5 Level 5: Solved. Level 6: Solved. Level 7: Solved. Level 8: Solved. Fort Ludios: Level 1: Vlad's Tower: levels 37 up to 35 Level 35: Level 36: Level 37: Farvel 9629 the Demigoddess... You went to your reward with 3459648 points, Mjollnir (worth 4000 zorkmids and 10000 points) Excalibur (worth 4000 zorkmids and 10000 points) The Orb of Fate (worth 3500 zorkmids and 8750 points) 12 diamonds (worth 48000 zorkmids), 9 rubies (worth 31500 zorkmids), 8 amethyst stones (worth 4800 zorkmids), 3 emeralds (worth 7500 zorkmids), 2 amulets of life saving (worth 300 zorkmids), 1 amulet of unchanging (worth 150 zorkmids), 1 amulet of reflection (worth 150 zorkmids), and 85 pieces of gold, after 57144 moves. You were level 24 with a maximum of 269 hit points when you ascended.